Map: 16 бит РВ

Players

Murena

  • Race: Terran Terran
  • Spawn Location: 1:00

ИИ 1 (эксперт) - Winner!

  • Race: Protoss Protoss
  • Spawn Location: 7:00

VOD

Have the link to the VOD?

Description

Time

  • Played on: March 29, 2019, 10:02 a.m.
  • Length: 7:55
Show
View Real Time Build Order
Export as new Build Order

Murena Terran 

Build Orders:  

Get SALT Encoding   

  12  0:00  SCV  
  13  0:12  SCV  
  14  0:20  Supply Depot  
  14  0:25  SCV  
  15  0:42  SCV  
  16  0:44  Barracks  
  16  0:47  Refinery  
  16  0:55  SCV  
  17  1:07  SCV  
  18  1:29  Command Center  
  18  1:32  Marine  
  19  1:35  SCV  
  20  1:45  Supply Depot  
  20  1:47  SCV  
  20  1:50  Marine  
  22  2:00  SCV  
  23  2:08  Marine  
  23  2:12  Orbital Command  
  24  2:23  Barracks  
  24  2:27  Barracks Reactor  
  24  2:38  Factory  
  24  2:39  SCV  
  25  2:48  Orbital Command  
  25  2:54  Refinery  
  25  2:55  SCV  
  26  3:03  Marine x2  
  28  3:08  SCV  
  28  3:10  Barracks Tech Lab  
  29  3:16  SCV  
  30  3:20  SCV  
  30  3:23  Factory Tech Lab  
  30  3:26  Marine  
  30  3:27  Marine  
  32  3:28  Starport  
  32  3:32  SCV  
  34  3:35  Marauder  
  34  3:39  Combat Shield  
  36  3:42  SCV  
  36  3:44  SCV  
  36  3:46  Marine x2  
  40  3:54  Supply Depot  
  40  3:56  SCV  
  40  3:57  Marauder  
  40  3:58  SCV  
  44  4:05  Starport Reactor, Bunker  
  44  4:06  Marine  
  44  4:07  Marine  
  46  4:16  SCV x2  
  48  4:19  Marauder  
  50  4:25  Marine  
  50  4:26  Marine  
  50  4:29  Supply Depot, SCV  
  54  4:31  SCV  
  54  4:41  Supply Depot  
  54  4:49  Engineering Bay  
  54  4:51  Medivac  
  54  4:52  Medivac  
  58  4:54  Supply Depot  
  58  4:55  Marine  
  58  4:56  Marine  
  58  4:58  Marauder  
  62  5:00  Concussive Shells  
  62  5:03  SCV  
  62  5:04  SCV  
  64  5:08  Refinery  
  64  5:09  Refinery  
  64  5:15  Marine x2  
  68  5:21  Marauder  
  68  5:23  Medivac x2  
  72  5:29  Supply Depot  
  72  5:30  Missile Turret  
  72  5:31  Missile Turret  
  72  5:36  SCV  
  72  5:37  SCV  
  72  5:41  Marine x2  
  76  5:43  Marauder  
  78  5:56  Supply Depot, Medivac  
  80  5:58  Starport  
  80  6:01  Medivac  
  80  6:03  Marine  
  80  6:04  Marine  
  84  6:05  Marauder  
  86  6:16  Supply Depot  
  86  6:17  Armory  
  86  6:21  SCV  
  86  6:22  SCV  
  86  6:23  Marine x2  
  90  6:27  Medivac  
  90  6:31  Medivac  
  94  6:34  Starport Tech Lab  
Show
View Real Time Build Order
Export as new Build Order

ИИ 1 (эксперт) Protoss - Winner!

Build Orders: Zealot Archon 

Get SALT Encoding   

  12  0:00  Probe  
  13  0:13  Probe  
  14  0:20  Pylon  
  14  0:25  Probe  
  15  0:34  Probe  
  15  0:42  Probe  
  16  0:48  Assimilator  
  17  0:51  Gateway  
  17  0:52  Probe  
  18  1:00  Pylon, Probe  
  18  1:08  Probe  
  20  1:19  Probe  
  21  1:31  Probe  
  22  1:39  Zealot  
  24  1:41  Cybernetics Core  
  24  1:43  Probe  
  25  2:00  Nexus  
  25  2:10  Gateway  
  25  2:14  Zealot  
  25  2:19  Pylon  
  25  2:25  Probe  
  25  2:28  Warp Gate  
  28  2:37  Assimilator  
  28  2:38  Probe  
  28  2:44  Adept  
  29  2:50  Probe  
  32  2:52  Adept  
  34  3:02  Probe  
  34  3:04  Pylon  
  34  3:05  Adept  
  35  3:14  Probe  
  35  3:18  Sentry  
  38  3:26  Probe  
  41  3:29  Probe  
  42  3:35  Stalker  
  42  3:38  Probe  
  45  3:41  Probe  
  45  3:44  Robotics Facility  
  46  3:50  Probe  
  46  3:51  Adept  
  46  3:53  Probe  
  50  3:58  Adept  
  50  4:02  Probe  
  51  4:05  Probe  
  54  4:10  Pylon, Probe  
  55  4:17  Probe  
  55  4:18  Probe  
  57  4:29  Stalker, Probe  
  60  4:31  Probe  
  60  4:34  Pylon, Immortal  
  65  4:39  Stalker  
  65  4:42  Probe  
  65  4:43  Probe  
  69  4:49  Robotics Facility  
  69  4:52  Stalker  
  71  4:54  Probe  
  72  5:02  Probe  
  72  5:03  Immortal  
  72  5:06  Probe  
  74  5:11  Pylon  
  78  5:15  Pylon  
  78  5:24  Assimilator  
  78  5:26  Twilight Council  
  78  5:28  Assimilator  
  78  5:29  Probe  
  79  5:39  Gateway  
  79  5:47  Probe x2  
  79  5:49  Pylon  
  81  5:56  Zealot  
  83  5:59  Probe  
  83  6:00  Probe  
  85  6:08  Templar Archives  
  85  6:11  Probe x2  
  86  6:16  Pylon  
  87  6:20  Forge  
  87  6:25  Stalker  
  89  6:26  Nexus, Forge  
  89  6:29  Stalker  
  91  6:33  Stalker  
  93  6:46  Pylon  
  93  6:48  Sentry  
  93  6:52  High Templar  
  97  6:56  Pylon, High Templar  
  97  7:00  Archon  
  99  7:01  Gateway  
  99  7:11  High Templar  
  101  7:20  Photon Cannon  
  101  7:23  Photon Cannon  
  101  7:24  High Templar, Pylon  
  101  7:29  Stalker  
  105  7:31  Observer  
  96  7:38  Probe  
  96  7:39  Probe x2  
  96  7:43  Zealot  
  95  7:46  Zealot  
  95  7:47  Stalker  
  95  7:49  Pylon  
  95  7:51  Archon  
Tags
 
Composition
Zealot Archon
Matchup
ПvТ
Spawn Locations
Cross Positions
Add a new tag
Caveats
  • Supply blocks, unpowered buildings, or Contaminate may cause inaccurate times.
  • Supply counts are checked every 10 seconds.